 Dungeon Crawl Stone Soup version 0.26.1-11-gd32895ea62 (webtiles) character file.

Game seed: 8040262993771680493

465 ABBCCCDDDD the Insei (level 7, -1/49 HPs)
             Began as an Octopode Gladiator on July 8, 2021.
             Slain by a centaur (5 damage)
             ... on level 5 of the Dungeon.
             The game lasted 00:04:51 (4253 turns).

ABBCCCDDDD the Insei (Octopode Gladiator)           Turns: 4253, Time: 00:04:52

Health: -1/49      AC:  1    Str: 13    XL:     7   Next: 8%
Magic:  7/7        EV: 14    Int: 13    God:
Gold:   239        SH:  0    Dex: 13    Spells: 6/6 levels left

rFire    . . .     SeeInvis .     - Unarmed
rCold    . . .     Faith    .   (no shield)
rNeg     . . .     Spirit   .   a - +0 hat
rPois    .         Reflect  .   (no amulet)
rElec    .         Harm     .   (no ring)
rCorr    .         Rampage  .   (no ring)
Will     .....                  (no ring)
Stlth    ++........             (no ring)
HPRegen  0.16/turn              (no ring)
MPRegen  0.10/turn              (no ring)
                                (no ring)
                                (no ring)

@: no status effects
A: almost no armour, stealthy swim, amphibious, 8 rings, constrict 8, camouflage
1, gelatinous body 1
a: no special abilities


You were on level 5 of the Dungeon.
You visited 1 branch of the dungeon, and saw 5 of its levels.

You collected 239 gold pieces.

Inventory:

Missiles
 b - 2 throwing nets
 j - 19 poisoned darts (quivered)
Armour
 a - a +0 hat (worn)
 g - a +0 tower shield
Wands
 o - a wand of paralysis (6)
 p - a wand of random effects (21)
 q - a wand of iceblast (6)
Scrolls
 e - 2 scrolls of remove curse {unknown}
 f - a scroll of blinking
 h - 2 scrolls of enchant weapon {unknown}
 i - a scroll of amnesia {unknown}
 k - 2 scrolls of fear {unknown}
 l - 2 scrolls of identify {unknown}
 n - a scroll of fog {unknown}
 s - a scroll of immolation {unknown}
 u - a scroll of enchant armour {unknown}
Potions
 d - 2 potions of mutation {unknown}
 m - a potion of might {unknown}
 r - a potion of brilliance {unknown}
 t - a potion of heal wounds {unknown}
 v - a potion of flight {unknown}


   Skills:
 + Level 4.5 Fighting
 - Level 2.0 Throwing
 - Level 3.0 Dodging
 * Level 6.6 Unarmed Combat


You had 6 spell levels left.
You didn't know any spells.
Your spell library was empty.

Dungeon Overview and Level Annotations

Branches:
Dungeon (4/15)
 Temple: D:4-7

Altars:
Trog


Innate Abilities, Weirdness & Mutations

You cannot wear most types of armour.
You are very stealthy in the water. (Stealth+)
You are amphibious.
You can wear up to eight rings at the same time.
You can use your tentacles to constrict eight enemies at once.
Your skin changes colour to match your surroundings (Stealth+).
Your rubbery body absorbs attacks. (AC +1, EV +1)


Message History

You see here an arrow.
The centaur shoots an arrow.
The arrow misses you.
The centaur shoots an arrow.
The arrow hits you.
The centaur unwields a +0 shortbow.
The centaur hits you.
You barely miss the centaur. You squeeze the centaur!
The centaur is heavily wounded.
The centaur hits you!
* * * LOW HITPOINT WARNING * * *
You barely miss the centaur.
You squeeze the centaur, but do no damage.
The centaur is heavily wounded.
The centaur hits you.
* * * LOW HITPOINT WARNING * * *
You feel better. The centaur barely misses you. The centaur hits you!
* * * LOW HITPOINT WARNING * * *
You tentacle-slap the centaur but do no damage.
Your squeeze misses the centaur.
The centaur is heavily wounded.
The centaur hits you.
You die...

######..........#######
.....#......†...........
.....#....(.....#.......
.....#..........#.......
.....##.................
.....##......(#.#.#.....
.....#........(....."...
..............#.#.#.###
.....#..........@...#
.....#.(....(.#.#c#.#
....>#..............#
#######............##
##......###### ########


You could see a centaur.

Vanquished Creatures
  A bullfrog (D:4)
  A scorpion (D:4)
  A bullfrog zombie (D:5)
  An orc priest (D:4)
  2 hounds (D:4)
  2 orc wizards (D:4)
  An iguana (D:4)
  Robin (D:3)
  A worker ant zombie (D:5)
  2 adders (D:2)
  An ufetubus (D:5)
  An ooze (D:1)
  An adder skeleton (D:2)
  A dart slug (D:1)
  6 leopard geckos
  10 orcs (D:4)
  9 bats
  4 giant cockroaches
  12 goblins
  7 hobgoblins
  11 kobolds
  A quokka (D:2)
  2 ball pythons (D:1)
  2 frilled lizards
  11 rats
92 creatures vanquished.

Vanquished Creatures (others)
  3 plants (D:1)
3 creatures vanquished.

Grand Total: 95 creatures vanquished

Notes
Turn   | Place    | Note
-------+----------+-------------------------------------------
     0 | D:1      | ABBCCCDDDD the Octopode Gladiator began the quest for the
                  | Orb.
     0 | D:1      | Reached XP level 1. HP: 14/14 MP: 1/1
   194 | D:1      | Reached XP level 2. HP: 17/19 MP: 2/2
   685 | D:1      | Reached XP level 3. HP: 25/25 MP: 3/3
  1185 | D:1      | Reached skill level 4 in Unarmed Combat
  1763 | D:2      | Reached XP level 4. HP: 30/30 MP: 4/4
  2360 | D:3      | Found a bloodstained altar of Trog.
  2668 | D:3      | Noticed Robin
  2688 | D:3      | Killed Robin
  3027 | D:3      | Reached XP level 5. HP: 36/36 MP: 5/5
  3162 | D:4      | Reached skill level 5 in Unarmed Combat
  3391 | D:4      | Reached XP level 6. HP: 31/43 MP: 6/6
  3851 | D:4      | Reached skill level 6 in Unarmed Combat
  3862 | D:4      | You fall into a shaft and drop 1 floor!
  3862 | D:5      | Entered Level 5 of the Dungeon
  3921 | D:5      | Reached XP level 7. HP: 5/49 MP: 7/7
  4253 | D:5      | Slain by a centaur

Illustrated notes

Levels and vault maps discovered:
D:1:      scummos_arrival_simple_crosswalls, layout_loops_corners,
          serial_forest, infiniplex_forest_clump_cross,
          infiniplex_forest_corner_2, infiniplex_forest_end_2,
          infiniplex_forest_pool, infiniplex_forest_clump_large,
          infiniplex_forest_end_2, infiniplex_forest_lined_room_2,
          infiniplex_forest_pool, minmay_pentomino_p4
D:2:      layout_basic, serial_bayou_pond_d
D:3:      layout_basic, old_standard_altar, uniq_robin
D:4:      layout_basic, uniq_crazy_yiuf_cottage
D:5:      layout_rooms, gammafunk_temple_overflow_statue, serial_glass,
          glass_columns_a, glass_columns_a, glass_columns_a, glass_columns_c,
          glass_columns_b, glass_columns_b

Skill      XL: |  1  2  3  4  5  6 |
---------------+-------------------+-----
Unarmed Combat | 4 5 6 |  6.6
Fighting       | 3 4 |  4.5
Throwing       | |  2.0
Dodging        | |  3.0

Action                   |  1- 3 |  4- 6 |  7- 9 || total
-------------------------+-------+-------+-------++-------
Melee: Unarmed           |    71 |   123 |     9 ||   203
       Constrict         |    19 |    36 |     2 ||    57
       Tentacles         |    15 |    26 |     6 ||    47
       Punch             |     2 |     6 |       ||     8
Throw: Throwing net      |       |     1 |       ||     1
Evoke: Wand              |       |     1 |       ||     1
  Use: Potion            |       |     1 |     1 ||     2
       Scroll            |       |     1 |       ||     1
 Stab: Sleeping          |     4 |     2 |       ||     6
Armor: Skin              |     6 |     8 |       ||    14
Dodge: Dodged            |    40 |    66 |     5 ||   111
